cohdb
Replays
Latest Replays
All Replays
Popular Replays
Top Player Replays
Match Explorer
How It Works
Community
CoH3 Stats
Reddit
Sign in to upload your games and track your stats! →
Sign in with Steam
Match 23729005
Unlisted
Match 23729005
Overview
Messages
Build Orders
End
Construct Weapon Support Center
Selects Advanced Infantry Battlegroup
Sniper
M1919 Machine Gun Team
Construct Barracks
Riflemen Squad
Grenade Package
Infantry Support Center
Riflemen Squad
Construct Motor Pool
Selects Convert to Ranger Squad
M24 Chaffee Light Tank
Construct Medical Station
Selects Artillery Observers
M1 Anti-tank Gun Team
Construct Tank Depot
Selects M2A1 105mm Howitzer Emplacement
Riflemen Squad
Convert to Ranger Squad
M4A1 Sherman Medium Tank
M3 Armored Personnel Carrier
Engineer Squad
Selects 155mm Rapid Artillery Barrage
Selects Designate Assault Position
155mm Rapid Artillery Barrage
Riflemen Squad
Riflemen Squad
8=Hptm.LangerSchwanz=D
Espada
UH|ck
iceman
0
0
Comments
sign in to comment!
No comments posted yet!